 Dungeon Crawl Stone Soup version 0.31-a0-231-g51bb95cda3 (webtiles) character file.

Game seed: 9809887794619852176

72 qw the Shooter (level 4, -1/26 HPs)
             Began as a Gargoyle Hexslinger on July 6, 2023.
             Slain by a gnoll
             ... wielding a +0 flail
              (10 damage)
             ... on level 3 of the Dungeon.
             The game lasted 00:00:29 (1257 turns).

qw the Shooter (Gargoyle Hexslinger)                Turns: 1257, Time: 00:00:30

Health: -1/26      AC:  8    Str: 12    XL:     4   Next: 26%
Magic:  5/5        EV: 10    Int: 13    God:
Gold:   168        SH:  0    Dex: 14    Spells: 4/5 levels left

rFire   . . .        Y - +1 sling
rCold   . . .        (no shield)
rNeg    + . .        g - +0 ring mail
rPois   inf          (no helmet)
rElec   +            (no cloak)
rCorr   .            (no gloves)
SInv    .            (no boots)
Will    .....        j - amulet of faith
Stlth   +            (no ring)
HPRegen 0.24/turn    (no ring)
MPRegen 0.09/turn

%: faith
@: no status effects
A: sickness immunity, AC +3, negative energy resistance 1, electricity
resistance, torment resistance 1, petrification resistance
a: no special abilities


You were on level 3 of the Dungeon.
You visited 1 branch of the dungeon, and saw 3 of its levels.

You collected 168 gold pieces.


Innate Abilities, Weirdness & Mutations

You are immune to sickness and miasma.
Your stone body is resilient. (AC +3)
You are immune to poison.
You resist negative energy. (rN+)
You are resistant to electric shocks. (rElec)
You are resistant to unholy torment.
You are immune to petrification.


   Skills:
 - Level 2.0 Fighting
 - Level 4.0 Ranged Weapons
 + Level 0.3 Armour
 - Level 1.5 Dodging
 - Level 1.0 Spellcasting
 - Level 2.6 Hexes


You had 4 spell levels left.
You knew the following spells:

 Your Spells              Type           Power      Damage    Failure   Level
a - Slow                  Hex            28%        N/A       22%         1

Your spell library contained the following spells:

 Spells                   Type           Power      Damage    Failure   Level
 Inner Flame              Hex/Fire       4%         N/A       73%         3
 Portal Projectile        Hex/Tloc       8%         N/A       73%         3
 Cause Fear               Hex            3%         N/A       91%         4

Inventory:

Hand Weapons
 Y - a +1 sling (weapon)
Armour
 g - a +0 ring mail (worn)
Jewellery
 j - an amulet of faith (around neck)
Potions
 d - 2 potions of resistance {unknown}
 e - a potion of mutation {unknown}
 f - 3 potions of curing
 h - a potion of ambrosia {unknown}
 i - a potion of heal wounds {unknown}

Dungeon Overview and Level Annotations

Branches:
Dungeon (3/15)

Altars:


Message History

Enter note:
Enter note:
Enter note:
Enter note:
Enter note: You shoot a sling bullet.
The gnoll shouts!
The sling bullet hits the gnoll.
The gnoll is lightly wounded.
You hear a shout!
A gnoll comes into view. It is wielding a +0 spear.
The gnoll shouts!
You shoot a sling bullet. The sling bullet hits the gnoll!
The gnoll is heavily wounded.
An endoplasm comes into view.
You shoot a sling bullet.
The sling bullet hits the gnoll but does no damage.
The gnoll is heavily wounded.
You shoot a sling bullet.
The sling bullet barely misses the gnoll. x2
The sling bullet hits the gnoll.
The gnoll is lightly wounded.
A goblin comes into view. It is wielding a +0 club.
The gnoll hits you with a +0 flail!
You shoot a sling bullet.
The sling bullet hits the gnoll but does no damage.
The gnoll is heavily wounded.
The gnoll hits you with a +0 flail.
You shoot a sling bullet. The sling bullet hits the gnoll.
The gnoll is severely wounded.
The gnoll closely misses you.
You shoot a sling bullet.
The sling bullet closely misses the gnoll. x2
The sling bullet hits the endoplasm.
The endoplasm is almost dead.
The gnoll hits you with a +0 flail. x2
You shoot a sling bullet. The sling bullet hits the gnoll.
The gnoll is almost dead.
The gnoll hits you with a +0 flail!
You die...

. .. ..# ..
.#.##J#######
....ggg@....#
.####g#####.# #
#####.# #...#.##
#.#..#.# ####.
#.....## #....
###....########.##.
+..................
###..........##.#..


You could see 4 gnolls and an endoplasm.

Vanquished Creatures
  3 adders
  4 ball pythons
  4 bats
  6 endoplasms
  2 giant cockroaches
  3 goblins
  4 hobgoblins
  3 jackals (D:1)
  3 kobolds
  A quokka (D:3)
  A frilled lizard (D:2)
  9 rats
43 creatures vanquished.

Notes
Turn   | Place    | Note
-------+----------+-------------------------------------------
     0 | D:1      | qw the Gargoyle Hexslinger began the quest for the Orb.
     0 | D:1      | Reached XP level 1. HP: 12/12 MP: 2/2
     0 | D:1      | 0 ||| qw: Version: 0.3-a-46-gb1f654a
     0 | D:1      | 0 ||| qw: Game counter: 1898
     0 | D:1      | 0 ||| qw: Melee chars always use a shield: true
     0 | D:1      | 0 ||| qw: God list: Okawaru
     0 | D:1      | 0 ||| qw: Allow faded altars: false
     0 | D:1      | 0 ||| qw: Do Orc after clearing Dungeon:15 true
     0 | D:1      | 0 ||| qw: Do second Lair branch before Depths: true
     0 | D:1      | 0 ||| qw: Lair rune preference: random
     0 | D:1      | 0 ||| qw: Goals: Normal
     0 | D:1      | 0 ||| PLANNING D:1-11
    61 | D:1      | Reached XP level 2. HP: 16/16 MP: 3/3
   137 | D:1      | Reached skill level 3 in Ranged Weapons
   205 | D:1      | Reached XP level 3. HP: 21/21 MP: 4/4
   337 | D:1      | 337 ||| UPGRADING to +0 ring mail.
   347 | D:1      | 347 ||| DROPPING +0 robe.
   348 | D:1      | 348 ||| DRINKING 2 cyan potions.
   349 | D:1      | 349 ||| DROPPING scroll of poison.
   778 | D:2      | Reached XP level 4. HP: 26/26 MP: 5/5
   953 | D:2      | 953 ||| UPGRADING to amulet of faith.
   958 | D:2      | 958 ||| READING scroll labelled MUTHIZ FECSUK OMUA.
   959 | D:2      | 959 ||| READING scroll labelled KUDAUS LAQUB.
   960 | D:2      | 960 ||| READING scroll labelled QYIT CUOBIAWA.
  1142 | D:3      | Found a faded altar of an unknown god.
  1145 | D:3      | Reached skill level 4 in Ranged Weapons
  1257 | D:3      | Slain by a gnoll

Levels and vault maps discovered:
D:1:      onia_arrival_handbag, layout_basic
D:2:      layout_loops_cross
D:3:      layout_loops_corners, shapermc_ecumenical_altar_starsandcircs

Skill      XL: |  1  2  3  4 |
---------------+-------------+-----
Ranged Weapons | 3 4 |  4.0
Fighting       | 2 |  2.0
Armour         | |  0.3
Dodging        | |  1.5
Spellcasting   | |  1.0
Hexes          | |  2.6

Action                     |  1- 3 |  4- 6 || total
---------------------------+-------+-------++-------
   Fire: Sling             |    78 |    22 ||   100
    Use: Potion            |     1 |       ||     1
         Scroll            |       |     3 ||     3
 Armour: Robe              |     3 |       ||     3
         Ring mail         |     4 |     1 ||     5
  Dodge: Dodged            |    19 |     4 ||    23

Table legend:
 A = Non-vault XP
 B = Vault XP
 C = Vault XP percentage of total XP
 D = Non-vault monster count
 E = Vault monster count
 F = Vault count percentage of total count
                 A         B        C        D         E       F
            +---------+---------+-------+---------+---------+-------
      Total |      98 |       6 |   5.8 |      39 |       4 |   9.3
            +---------+---------+-------+---------+---------+-------
        D:1 |      33 |       6 |  15.4 |      19 |       4 |  17.4
        D:2 |      45 |       0 |   0.0 |      13 |       0 |   0.0
        D:3 |      20 |       0 |   0.0 |       7 |       0 |   0.0
            +---------+---------+-------+---------+---------+-------
